cohdb
Replays
Latest Replays
All Replays
Popular Replays
Top Player Replays
Match Explorer
How It Works
Community
CoH3 Stats
Reddit
Sign in to upload your games and track your stats! →
Sign in with Steam
Match 39674256
Unlisted
Match 39674256
Overview
Messages
Build Orders
End
Construct Barracks
Selects Special Operations Battlegroup
Selects M29 Weasel Recon Vehicle
M29 Weasel Recon Vehicle
Riflemen Squad
Riflemen Squad
Riflemen Squad
Selects Raiding Flares
Construct Medical Station
Grenade Package
Infantry Support Center
Selects SSF Commando Squad
SSF Commando Squad
Construct Motor Pool
M24 Chaffee Light Tank
M24 Chaffee Light Tank
Selects P-47 Anti-Infantry Loiter
M24 Chaffee Light Tank
♥ ~Lady Rytsu~ ♥
『BlackBear』
0
0
Comments
sign in to comment!
No comments posted yet!